 Dungeon Crawl Stone Soup version 0.31-a0-369-g8eba5f6939 (webtiles) character file.

Game seed: 15727107455300006763

228 shadowstone the Slasher (level 6, -8/32 HPs)
             Began as a Vine Stalker Reaver on July 28, 2023.
             Was a Believer of Jiyva.
             Mangled by an ogre
             ... wielding a +0 giant club
              (13 damage)
             ... on level 4 of the Dungeon.
             The game lasted 00:07:39 (2332 turns).

shadowstone the Slasher (Vine Stalker Reaver)       Turns: 2332, Time: 00:07:40

Health: -8/32      AC: 10    Str: 15    XL:     6   Next: 2%
Magic:  0/11       EV:  4    Int: 15    God:    Jiyva [**....]
Gold:   66         SH:  0    Dex: 12    Spells: 9/10 levels left

rFire   . . .        a - +0 falchion
rCold   . . .        (no shield)
rNeg    + . .        c - +0 plate armour
rPois   .            (no helmet)
rElec   .            (no cloak)
rCorr   +            (no gloves)
SInv    .            (no boots)
Will    .....        i - amulet of the acrobat Stlth
                     j - ring of positive energy
HPRegen 2.01/turn    (no ring)
MPRegen 0.42/turn

%: acrobat, guardian spirit
@: no status effects
A: fangs 2, regeneration 1, magic shield, antimagic bite, no potion heal 2
a: Renounce Religion


You were on level 4 of the Dungeon.
You worshipped Jiyva.
Jiyva was pleased with you.
You visited 1 branch of the dungeon, and saw 4 of its levels.

You collected 146 gold pieces.
You spent 80 gold pieces at shops.

Inventory:

Hand Weapons
 a - a +0 falchion (weapon)
Armour
 b - a +0 leather armour
 c - a +0 plate armour (worn)
Jewellery
 h - a ring of protection from cold
 i - an amulet of the acrobat (around neck)
 j - a ring of positive energy (left hand)
Scrolls
 d - a scroll of poison {unknown}
 e - 2 scrolls of amnesia {unknown}
 f - a scroll of fear {unknown}
Potions
 g - a potion of heal wounds {unknown}
 k - a potion of haste {unknown}


   Skills:
 + Level 2.5 Fighting
 + Level 4.1 Long Blades
 + Level 2.0 Armour
 + Level 1.7 Dodging
 + Level 0.3 Stealth
 + Level 2.7 Spellcasting
 + Level 3.4 Conjurations
 + Level 1.0 Necromancy


You had 9 spell levels left.
You knew the following spells:

 Your Spells              Type           Power      Damage    Failure   Level
a - Kiss of Death         Conj/Necr      32%        2d7       100%        1

Your spell library contained the following spells:

 Spells                   Type           Power      Damage    Failure   Level
 Momentum Strike          Conj/Tloc      14%        3d8       100%        2
 Call Canine Familiar     Summ           2%         N/A       100%        3
 Hailstorm                Conj/Ice       7%         3d4       100%        3
 Portal Projectile        Hex/Tloc       4%         N/A       100%        3
 Leda's Liquefaction      Hex/Erth       1%         N/A       100%        4


Dungeon Overview and Level Annotations

Branches:
Dungeon (4/15)
 Temple: D:4-7

Altars:
Jiyva

Shops:
D:2 *


Innate Abilities, Weirdness & Mutations

You have extremely sharp teeth.
Your natural rate of healing is unusually fast.
When hurt, damage is shared between your health and your magic reserves.
Your bite disrupts and absorbs the magic of your enemies.
Potions cannot restore your health.


Message History

As you open the door, it creaks loudly!
There is an open door here.
You open the door.
A giant cockroach comes into view.
An ogre comes into view. It is wielding a +0 giant club.
The ogre shouts!
There is an open door here.
The giant cockroach completely misses you.
You closely miss the giant cockroach. The giant cockroach barely misses you.
You hit the giant cockroach.
You kill the giant cockroach!
You hit the ogre. You bite the ogre. You drain its power.
The ogre is lightly wounded.
The ogre hits you with a +0 giant club!
You hit the ogre.
The ogre is lightly wounded.
The ogre barely misses you.
You hit the ogre but do no damage. Your bite misses the ogre.
The ogre is lightly wounded.
You barely miss the ogre.
The ogre is lightly wounded.
The ogre hits you with a +0 giant club!!
You hit the ogre. Your bite misses the ogre.
The ogre is moderately wounded.
The ogre barely misses you.
You hit the ogre. Your bite misses the ogre.
The ogre is heavily wounded.
The ogre closely misses you.
You slash the ogre! You bite the ogre. You drain its power.
You feel invigorated.
The ogre is almost dead.
You hit the ogre. Your bite misses the ogre.
The ogre is almost dead.
The ogre hits you with a +0 giant club!!
Ouch! That really hurt!
* * * LOW HITPOINT WARNING * * *
You barely miss the ogre. You bite the ogre, but do no damage.
The ogre is almost dead.
The ogre hits you with a +0 giant club!
You die...

#...........#
###..##.....# ..
###).##.....# ...
..).........# ####...
.....############.......
...<.#..................
.....#...............^..
.>...#..................
.#####..........@O....#
.#.......#+####'#.....#
.#.......#......#.....#
.#.......'......#.....#
.'.......#......#.....#
.#.......#......#.....#
.#.......#......#.....#
.#.......########......
.#.....###


You could see an ogre.

Vanquished Creatures
  Grinder (D:3)
  2 adders
  A dart slug (D:1)
  2 orcs (D:4)
  4 giant cockroaches
  3 goblins
  A hobgoblin (D:2)
  A quokka (D:1)
  4 ball pythons
  3 bats (D:1)
  4 kobolds
  2 rats (D:2)
28 creatures vanquished.

Vanquished Creatures (others)
  A worm (D:3)
  3 bats (D:2)
  3 endoplasms
  2 kobolds (D:2)
  2 rats
11 creatures vanquished.

Grand Total: 39 creatures vanquished

Notes
Turn   | Place    | Note
-------+----------+-------------------------------------------
     0 | D:1      | shadowstone the Vine Stalker Reaver began the quest for the
                  | Orb.
     0 | D:1      | Reached XP level 1. HP: 11/11 MP: 4/4
   430 | D:1      | Reached XP level 2. HP: 13/15 MP: 6/6
   847 | D:1      | Found a faded altar of an unknown god.
   904 | D:1      | Prayed at the altar of an unknown god.
   904 | D:1      | Became a worshipper of Jiyva Jimiegri the Shapeless
   904 | D:1      | Reached * piety under Jiyva
  1787 | D:2      | Found Dotaifitz's Assorted Antiques.
  1809 | D:2      | Reached skill level 3 in Long Blades
  1809 | D:2      | Reached XP level 3. HP: 5/18 MP: 7/7
  1937 | D:2      | Bought a blackened ruby amulet for 80 gold pieces
  1991 | D:3      | Reached ** piety under Jiyva
  2120 | D:3      | Noticed Grinder
  2120 | D:3      | Paralysed by Grinder for 5 turns
  2135 | D:3      | Killed Grinder
  2136 | D:3      | Reached skill level 4 in Long Blades
  2136 | D:3      | Reached skill level 1 in Necromancy
  2136 | D:3      | Gained mutation: Your natural rate of healing is unusually
                  | fast. [Vine Stalker growth]
  2136 | D:3      | Reached XP level 4. HP: 18/23 MP: 5/9
  2136 | D:3      | Reached XP level 5. HP: 21/27 MP: 5/10
  2226 | D:4      | Reached XP level 6. HP: 32/32 MP: 11/11
  2332 | D:4      | Mangled by an ogre

Illustrated notes

Levels and vault maps discovered:
D:1:      scummos_arrival_forest, layout_basic, serial_forest,
          infiniplex_forest_lined_room_2, infiniplex_forest_lined_2,
          infiniplex_forest_clump_medium, infiniplex_forest_clump_small,
          infiniplex_forest_straight_5, infiniplex_forest_corner_2,
          infiniplex_forest_end_double, infiniplex_forest_clump_medium,
          infiniplex_forest_straight_5, infiniplex_forest_join,
          chequers_ecumenical_altar_simple_redux
D:2:      layout_basic, serial_shops, shop_statue, serial_curves,
          eino_curves_04, eino_curves_04
D:3:      layout_basic, cheibrodos_worm_habitat, uniq_grinder, uniq_ijyb
D:4:      kennysheep_the_goblin_king, layout_gridville, general_overflow_altar,
          minmay_bent

Skill      XL: |  1  2  3 |
---------------+----------+-----
Long Blades    | 3 4 |  4.1
Fighting       | 2 |  2.5
Armour         | 2 |  2.0
Necromancy     | 1 |  1.0
Dodging        | |  1.7
Stealth        | |  0.3
Spellcasting   | |  2.7
Conjurations   | |  3.4

Action                     |  1- 3 |  4- 6 || total
---------------------------+-------+-------++-------
  Melee: Falchion          |   103 |    25 ||   128
         Bite              |    29 |     6 ||    35
 Armour: Plate armour      |   122 |    10 ||   132
  Dodge: Dodged            |    30 |    15 ||    45

Table legend: (Time is in decaauts)
 A = Elapsed time spent in this place.
 B = Non-inter-level travel time spent in this place.
 C = Inter-level travel time spent in this place.
 D = Time resting spent in this place.
 E = Time spent auto-exploring this place.
 F = Levels seen in this place.
 G = Mean time per level.
                   A        B        C        D        E       F      G
               +--------+--------+--------+--------+--------+-----+--------+
         Total |   2349 |   2183 |    166 |    457 |    797 |   4 |  587.2 |
       Dungeon |   2349 |   2183 |    166 |    457 |    797 |   4 |  587.2 |
               +--------+--------+--------+--------+--------+-----+--------+

Top non-repeatable levels by time:
     D:1: 1592 daAuts
     D:2: 370 daAuts
     D:3: 265 daAuts
     D:4: 121 daAuts
